 Dungeon Crawl Stone Soup version 0.30.0-29-ga12c61a403 (webtiles) character file.

Game seed: 14346981509672230223

7508 GimliDwarf the Zephyrmancer (level 11, -11/54 HPs)
             Began as a Tengu Air Elementalist on June 5, 2023.
             Was a Follower of Qazlal.
             Mangled by a warg (15 damage)
             ... on level 10 of the Dungeon.
             The game lasted 00:42:31 (13803 turns).

GimliDwarf the Zephyrmancer (TeAE)                 Turns: 13803, Time: 00:42:32

Health: -11/54     AC:  2    Str:  6    XL:     11   Next: 16%
Magic:  15/33      EV: 15    Int: 20    God:    Qazlal [*.....]
Gold:   592        SH:  1    Dex: 20    Spells: 6/26 levels left

rFire   . . .        o - staff of death
rCold   . . .        (no shield)
rNeg    + . .        a - +0 robe
rPois   .            (helmet restricted)
rElec   .            (no cloak)
rCorr   .            (no gloves)
SInv    .            (boots unavailable)
Will    .....        (no amulet)
Stlth   ++           h - ring of magical power
HPRegen 0.29/turn    B - ring of Bij Nit Suph {Drain Dex+5 Slay+4}
MPRegen 0.23/turn

%: no passive effects
@: flying quickly and evasively, quick
A: beak, talons 3, nimble flight, weak 1
a: Renounce Religion


You were on level 10 of the Dungeon.
You worshipped Qazlal.
Qazlal was aware of your devotion.
You visited 2 branches of the dungeon, and saw 11 of its levels.

You collected 592 gold pieces.

Inventory:

Hand Weapons
 e - a +2 short sword of freezing
 k - a +3 dagger
Missiles
 C - a throwing net
Armour
 a - a +0 robe (worn)
 q - a +1 leather armour of fire resistance
 H - +0 acid dragon scales
Magical Staves
 o - a staff of death (weapon)
Jewellery
 g - a ring of ice
 h - a ring of magical power (left hand)
 j - a ring of protection from cold
 l - a ring of protection from fire
 B - the ring of Bij Nit Suph (right hand) {Drain Dex+5 Slay+4}
   (You found it on level 6 of the Dungeon)

   [ring of slaying]

   Dex:       It affects your dexterity (+5).
   Slay:      It affects your accuracy & damage with ranged weapons and melee
   (+4).
   Drain:     It drains your maximum health when unequipped.
Wands
 p - a wand of mindburst (4)
 s - a wand of polymorph (18)
 u - a wand of digging (6)
 z - a wand of charming (5)
 G - a wand of flame (15)
Scrolls
 i - 3 scrolls of enchant weapon
 y - 4 scrolls of enchant armour {unknown}
 D - 2 scrolls of blinking {unknown}
 F - a scroll of fog
Potions
 b - 3 potions of magic
 c - a potion of berserk rage
 d - 6 potions of heal wounds
 f - 3 potions of curing
 n - a potion of resistance
 r - 3 potions of brilliance
 v - 4 potions of might
 w - a potion of haste
 x - a potion of flight {unknown}
 A - a potion of degeneration {unknown}
 E - 4 potions of ambrosia {unknown}


   Skills:
 - Level 2.1 Dodging
 - Level 2.0 Stealth
 + Level 8.2 Spellcasting
 * Level 9.1 Conjurations
 * Level 3.7 Hexes
 - Level 0.2 Summonings
 * Level 6.8 Necromancy
 + Level 10.9 Air Magic
 * Level 0.8 Invocations
 * Level 5.7 Evocations


You had 6 spell levels left.
You knew the following spells:

 Your Spells              Type           Power      Damage    Failure   Level
a - Shock                 Conj/Air       100%       1d9       1%          1
b - Static Discharge      Conj/Air       96%        2-6/arc   1%          2
c - Airstrike             Air            25%        2d(4-20)  1%          4
d - Necrotise             Necr           100%       1d9       1%          1
e - Anguish               Hex/Necr       22%        N/A       10%         4
f - Fulminant Prism       Conj/Hex       17%        3d10      6%          4
g - Summon Lightning Spi  Summ/Air       30%        N/A       9%          4

Your spell library contained the following spells:

 Spells                   Type           Power      Damage    Failure   Level
 Magic Dart               Conj           100%       1d8       1%          1
 Momentum Strike          Conj/Tloc      52%        3d9       1%          2
 Searing Ray              Conj           88%        2d7       1%          2
 Swiftness                Air            51%        N/A       1%          3
 Hailstorm                Conj/Ice       26%        3d7       3%          3
 Stone Arrow              Conj/Erth      52%        3d10      3%          3
 Summon Small Mammal      Summ           36%        N/A       8%          1
 Apportation              Tloc           16%        N/A       9%          1
 Freeze                   Ice            32%        1d5       9%          1
 Blink                    Tloc           16%        N/A       13%         2
 Lesser Beckoning         Tloc           16%        N/A       13%         2
 Cause Fear               Hex            11%        N/A       19%         4
 Frozen Ramparts          Ice            16%        1d3       26%         3
 Leda's Liquefaction      Hex/Erth       7%         N/A       36%         4
 Animate Armour           Summ/Erth      16%        N/A       63%         4
 Lee's Rapid Deconstruct  Erth           4%         3d5*      93%         5
 Statue Form              Tmut/Erth      5%         N/A       100%        6
 Enfeeble                 Hex            11%        N/A       100%        7
 Lehudib's Crystal Spear  Conj/Erth      13%        10d4      100%        8


Dungeon Overview and Level Annotations

Branches:
Dungeon (10/15)            Temple (1/1) D:7
   Lair: D:8-11         Orc: D:9-12

Altars:
Ashenzari
Cheibriados
Dithmenos
Elyvilon
Fedhas
Gozag
Hepliaklqana
Kikubaaqudgha
Makhleb
Nemelex Xobeh
Okawaru
Qazlal
Ru
Sif Muna
Trog
Uskayaw
Vehumet
Wu Jian
Xom
Yredelemnul
Zin
The Shining One

Shops:
D:7 [

Annotations:
D:6 1 runed translucent door, Crazy Yiuf


Innate Abilities, Weirdness & Mutations

You have a beak for a mouth.
You have claws for feet.
Your magical nature lets you fly swiftly and evasively.
You are weak. (Str -2)


Message History

The orc warrior hits you from afar with a +0 trident!
The orc wizard barely misses your orc skeleton.
A boomerang appears from out of your range of vision.
The boomerang hits your lightning spire but does no damage.
An orc priest comes into view. It is wielding a +0 hand axe.
Your orc skeleton hits the orc wizard.
Your orc skeleton closely misses the orc warrior.
Your lightning spire shoots out a bolt of lightning at the warg!
The bolt of electricity hits the warg!
Hit: o) staff of death
Press: ? - help, Dir - move target, f - warg
Aim: a warg (heavily wounded, ally target, about 37% to evade your staff of death)
You hit the warg.
The warg writhes in agony.
Your kick misses the warg.
The warg is heavily wounded.
The warg closely misses you.
The orc warrior hits you from afar with a +0 trident!
The orc wizard casts a spell.
The orc wizard flickers and vanishes!
Your orc skeleton hits the warg but does no damage.
The warg barely misses you.
Your orc skeleton barely misses the orc warrior.
The warg attacks as you move away! The warg closely misses you.
Something hits your orc skeleton.
The orc warrior hits your orc skeleton with a +0 trident!
Your orc skeleton is destroyed!
The orc warrior hits your orc skeleton with a +0 trident!
Your orc skeleton is destroyed!
The warg attacks as you move away! The warg bites you!
* * * LOW HITPOINT WARNING * * *
The orc priest mumbles some strange prayers to Beogh against you.
Beogh smites you!
* * * LOW HITPOINT WARNING * * *
The boomerang hits your lightning spire but does no damage.
The warg closely misses you.
The boomerang hits your lightning spire but does no damage.
The warg attacks as you move away! The warg misses you.
The warg attacks as you move away! The warg closely misses you.
The warg barely misses you. The warg attacks as you move away!
The warg bites you!
You die...

#.# #.# #.# #.# #### #.#
...# #.# ...# #.# >..#
######.###########
...####....?...h@.<.....
...'.?..#####.##########
...###### #.# ...# #.#
...# #.## #### #.o## .#
##..# .# #######.###
'#### ..........#


You could see a warg.

Vanquished Creatures
  A two-headed ogre (D:8)
  Pikel (D:7)
  Maggie (D:6)
  A tengu conjurer (D:9)
  A troll (D:9)
  Prince Ribbit (D:6)
  A shadow (D:8)
  Eustachio (D:6)
  6 yaks
  A steam dragon (D:6)
  An acid dragon (D:10)
  A water moccasin (D:8)
  2 sky beasts (D:8)
  An orc warrior (D:8)
  5 ice beasts
  A black bear (D:5)
  5 centaurs
  A lemure (D:7)
  A phantom (D:5)
  Blork the orc (D:4)
  5 bullfrogs
  A scorpion (D:5)
  10 wights
  2 electric eels (D:9)
  2 howler monkeys (D:9)
  2 jellies (D:7)
  5 hounds
  3 orc priests
  2 sleepcaps
  Jessica (D:2)
  Ijyb (D:3)
  2 iguanas (D:5)
  15 orc wizards
  Robin (D:4)
  4 gnolls (D:8)
  7 adders
  2 white imps
  A worm (D:5)
  2 dart slugs
  30 orcs
  3 endoplasms
  5 giant cockroaches
  26 goblins
  9 hobgoblins
  2 jackals (D:1)
  6 kobolds
  6 quokkas
  9 ball pythons
  5 bats
  5 frilled lizards
  12 rats
220 creatures vanquished.

Vanquished Creatures (collateral kills)
  2 yaks (D:10)
  2 orc warriors (D:9)
  An orc priest (D:9)
  2 orcs (D:4)
7 creatures vanquished.

Grand Total: 227 creatures vanquished

Notes
Turn   | Place    | Note
-------+----------+-------------------------------------------
     0 | D:1      | GimliDwarf the Tengu Air Elementalist began the quest for
                  | the Orb.
     0 | D:1      | Reached XP level 1. HP: 10/10 MP: 4/4
   155 | D:1      | Reached XP level 2. HP: 15/15 MP: 1/6
   211 | D:1      | Learned a level 2 spell: Static Discharge
   432 | D:1      | Found a faded altar of an unknown god.
   690 | D:1      | Reached XP level 3. HP: 19/19 MP: 3/7
  1413 | D:2      | Reached skill level 5 in Air Magic
  1719 | D:2      | Reached XP level 4. HP: 24/24 MP: 3/8
  2393 | D:2      | Noticed Jessica
  2394 | D:2      | Killed Jessica
  2561 | D:2      | Gained mutation: Your magical nature lets you fly swiftly
                  | and evasively. [Tengu growth]
  2561 | D:2      | Reached XP level 5. HP: 28/28 MP: 8/10
  2728 | D:2      | Learned a level 4 spell: Airstrike
  3168 | D:3      | Noticed Ijyb
  3252 | D:3      | Killed Ijyb
  3651 | D:3      | Learned a level 1 spell: Necrotise
  3655 | D:4      | Noticed Blork the orc
  3658 | D:4      | Killed Blork the orc
  3659 | D:4      | Reached XP level 6. HP: 32/32 MP: 10/12
  3776 | D:4      | Reached skill level 5 in Conjurations
  3781 | D:4      | Reached skill level 1 in Necromancy
  3883 | D:4      | Noticed Robin
  3884 | D:4      | Killed Robin
  3903 | D:4      | Reached skill level 1 in Evocations
  4505 | D:4      | Reached XP level 7. HP: 36/36 MP: 13/13
  4548 | D:4      | You are sucked into a shaft and drop 3 floors!
  4551 | D:7      | Found Pegummi's Antique Armour Boutique.
  4591 | D:5      | Entered Level 5 of the Dungeon
  4736 | D:5      | Reached skill level 6 in Air Magic
  5011 | D:5      | Found an ornate altar of the Wu Jian Council.
  5611 | D:5      | Reached XP level 8. HP: 41/41 MP: 8/16
  5982 | D:5      | Learned a level 4 spell: Anguish
  6160 | D:5      | Reached skill level 5 in Spellcasting
  6383 | D:6      | Noticed Maggie
  6398 | D:6      | Killed Maggie
  6399 | D:6      | Reached skill level 7 in Air Magic
  6525 | D:6      | Reached skill level 1 in Hexes
  6778 | D:6      | Found a runed translucent door.
  6779 | D:6      | Noticed Crazy Yiuf
  6944 | D:6      | Identified the ring of Bij Nit Suph {Drain Dex+5 Slay+4}
  6954 | D:6      | Noticed Prince Ribbit
  6962 | D:6      | Killed Prince Ribbit
  6963 | D:6      | Reached XP level 9. HP: 45/45 MP: 18/18
  7129 | D:6      | Noticed Eustachio
  7610 | D:6      | Killed Eustachio
  7611 | D:6      | Reached skill level 8 in Air Magic
  7970 | D:7      | Found a staircase to the Ecumenical Temple.
  7980 | Temple   | Entered the Ecumenical Temple
  8326 | Temple   | Became a worshipper of Vehumet
  8556 | D:7      | Noticed Pikel
  8558 | D:7      | Killed Pikel
  8559 | D:7      | Reached skill level 5 in Necromancy
  9372 | D:8      | Found a stormy altar of Qazlal.
  9378 | D:8      | Reached skill level 9 in Air Magic
  9862 | D:8      | Reached XP level 10. HP: 50/50 MP: 21/21
 10142 | D:8      | Gained mutation: Your natural rate of healing is unusually
                  | fast. [potion of mutation]
 10142 | D:8      | Gained mutation: Your body sometimes deteriorates upon
                  | taking damage. [potion of mutation]
 10142 | D:8      | Gained mutation: You are clumsy. (Dex -2) [potion of
                  | mutation]
 10143 | D:8      | Lost mutation: Your body sometimes deteriorates upon taking
                  | damage. [potion of mutation]
 10143 | D:8      | Lost mutation: You are clumsy. (Dex -2) [potion of
                  | mutation]
 10143 | D:8      | Lost mutation: Your natural rate of healing is unusually
                  | fast. [potion of mutation]
 10143 | D:8      | Gained mutation: You are weak. (Str -2) [potion of
                  | mutation]
 10685 | D:7      | Fell from the grace of Vehumet
 10859 | D:8      | Became a worshipper of Qazlal Stormbringer
 11095 | D:8      | Noticed a two-headed ogre
 11322 | D:8      | Reached skill level 5 in Evocations
 11432 | D:8      | Killed a two-headed ogre
 11433 | D:8      | Reached skill level 10 in Air Magic
 12175 | D:8      | Learned a level 4 spell: Fulminant Prism
 12180 | D:8      | Learned a level 4 spell: Summon Lightning Spire
 12884 | D:9      | Reached XP level 11. HP: 54/54 MP: 14/24
 13307 | D:10     | Entered Level 10 of the Dungeon
 13645 | D:10     | Reached * piety under Qazlal
 13795 | D:10     | HP: 2/54 [orc priest/divine providence (10)]
 13803 | D:10     | Mangled by a warg

Illustrated notes

Levels and vault maps discovered:
D:1:      nzn_arrival_water_spiral, layout_basic, ebering_ecumenical_altar_box
D:2:      minmay_skewed_foursquare, layout_loops_corners, minmay_pentomino_pile,
          uniq_jessica
D:3:      kennysheep_the_goblin_king, layout_loops_ring, kennysheep_nub,
          dk_noncrumbling_3
D:4:      layout_cave_pools, uniq_robin, uniq_blork_the_orc
D:5:      layout_loops_corners, nicolae_wu_jian_wuxing_cycle,
          kb_lookout_dungeons_type
D:6:      layout_loops_ring, uniq_prince_ribbit1, uniq_crazy_yiuf_cottage,
          uniq_maggie, uniq_eustachio
D:7:      layout_basic, minmay_temple_entry_statues_pillars,
          serial_corexii_hall, chequers_hall_statues_y, corexii_hall_statues_l,
          chequers_hall_statues_y, corexii_hall_statues_l,
          chequers_hall_statues_wall_a, corexii_hall_statues_t, serial_shops,
          shop, uniq_pikel
D:8:      minmay_razor_zed, layout_layer_cave, nicolae_qazlal_beasts_of_the_sky
D:9:      layout_cave_pools, minivault_14
D:10:     layout_roguey, erik_lair_orcish_takeover,
          gammafunk_ghost_abyssal_escape, uniq_nergalle
Temple:   mainiacjoe_temple_cubbyholes

Skill      XL: |  1  2  3  4  5  6  7  8  9 10 11 |
---------------+----------------------------------+-----
Conjurations   | 2 3 4 5 6 7 8 9 |  9.1
Air Magic      | 5 6 7 9 10 | 10.9
Spellcasting   | 3 4 5 6 8 |  8.2
Necromancy     | 2 3 4 5 6 |  6.8
Evocations     | 1 2 3 4 5 |  5.7
Hexes          | 1 2 3 |  3.7
Dodging        | |  2.1
Stealth        | |  2.0
Summonings     | |  0.2
Invocations    | |  0.8

Action                     |  1- 3 |  4- 6 |  7- 9 | 10-12 || total
---------------------------+-------+-------+-------+-------++-------
  Melee: Short sword       |     2 |       |       |       ||     2
         Staff             |       |     5 |       |     2 ||     7
         Kick              |       |     2 |       |       ||     2
   Cast: Shock             |    79 |    83 |    43 |    66 ||   271
         Airstrike         |       |    10 |    64 |    73 ||   147
         Necrotise         |       |    41 |    43 |    17 ||   101
         Summon Lightning  |       |       |       |     6 ||     6
 Invoke: Renounce Religion |       |       |       |     1 ||     1
  Evoke: Wand              |       |       |     2 |       ||     2
    Use: Scroll            |       |     2 |    12 |     3 ||    17
         Potion            |       |       |       |     2 ||     2
 Armour: Robe              |     1 |     5 |     4 |     1 ||    11
  Dodge: Dodged            |    20 |    30 |    26 |    46 ||   122
  Block: Other             |       |       |       |     1 ||     1
